Map: Ley Lines

Players

iPlayDefense

  • Race: Terran Terran
  • League: Silver
  • Spawn Location: 1:00

Manon - Winner!

  • Race: Zerg Zerg
  • League: Silver
  • Spawn Location: 7:00

VOD

Have the link to the VOD?

Description

Time

  • Played on: April 17, 2025, 6:36 a.m.
  • Length: 1:46
Show
View Real Time Build Order
Export as new Build Order

iPlayDefense Terran 

Build Orders:  

Get SALT Encoding   

  12  0:00  SCV  
  13  0:17  Supply Depot  
  13  0:37  SCV  
  14  0:49  SCV, Barracks  
  15  0:55  Refinery  
  15  1:01  SCV  
  16  1:13  SCV  
  17  1:25  SCV  
Show
View Real Time Build Order
Export as new Build Order

Manon Zerg - Winner!

Build Orders: Hatch First 

Get SALT Encoding   

  12  0:02  Drone  
  13  0:12  Overlord  
  13  0:16  Drone  
  14  0:30  Drone x2  
  14  0:35  Drone  
  17  0:54  Hatchery  
  17  0:56  Drone  
  17  1:10  Spawning Pool  
  16  1:12  Extractor  
  16  1:16  Drone  
  16  1:33  Drone x3  
Tags
 
Matchup
TvZ
Replay Pack
DaveSC2
Spawn Locations
Cross Positions
Add a new tag
Caveats
  • Supply blocks, unpowered buildings, or Contaminate may cause inaccurate times.
  • Supply counts are checked every 10 seconds.